Match 47111362
Unlisted

Match 47111362
End
Kradschützen Motorcycle Team
Panzergrenadier Squad
Panzergrenadier Squad
Construct Light Support Kompanie
250 Light Carrier
Selects Panzerjäger Kommand Battlegroup
Selects GrB 39 Grenade Launcher Requisition
Panzerjäger Squad
Construct Mechanized Kompanie
Panzergrenadier Squad
Support Armor Elements
Selects Mine Fields
Selects Defensive Positions
Veteran Squad Leaders
StuG III D Assault Gun
2.5-tonne Medical Truck
le.IG 18 Mechanized Group
Selects Butterfly Bomb Drop
Butterfly Bomb Drop
Marder III Tank Destroyer
Construct Panzerarmee Kommand
2.5-tonne Medical Truck
Pak 38 Mechanized Group
Walking Stuka Rocket Launcher
Butterfly Bomb Drop
2.5-tonne Medical Truck
Kradschützen Motorcycle Team
Selects Crew Shock Tactics
Selects Elefant Tank Destroyer
Elefant Tank Destroyer
HoGorGor
HeartySundew364
vincent
[TW]windowmausS03
1XStyleDE
this profile name wasn't taken
chrislim
GregLim
0
0

Comments sign in to comment!

No comments posted yet!